 Dungeon Crawl Stone Soup version 0.25-a0-578-gc91f01c39c (webtiles) character file.

Game seed: 13497131165866765851, levelgen mode: deterministic

317 surprisetrex the Conjurer (level 6, 0/51 HPs)
             Began as a Draconian Fire Elementalist on Mar 5, 2020.
             Was an Initiate of Vehumet.
             Killed by divine providence
             ... invoked by an orc priest
              (13 damage)
             ... on level 3 of the Dungeon.
             The game lasted 00:15:25 (2980 turns).

surprisetrex the Conjurer (DrFE)                    Turns: 2980, Time: 00:15:26

Health: 0/51       AC:  7    Str: 11    XL:     6   Next: 20%
Magic:  5/9        EV: 12    Int: 17    God:    Vehumet [......]
Gold:   174        SH:  0    Dex: 11    Spells: 1/9 levels left

rFire    . . .     SeeInvis .   a - +0 glaive
rCold    . . .     Gourm    .   (shield currently unavailable)
rNeg     . . .     Faith    .   (armour unavailable)
rPois    .         Spirit   .   (helmet restricted)
rElec    .         Reflect  .   (no cloak)
rCorr    .         Harm     .   (no gloves)
MR       .....                  v - +0 pair of boots
Stlth    ++........             (no amulet)
HPRegen  0.17/turn              (no ring)
MPRegen  0.11/turn              (no ring)

@: no status effects
A: unfitting armour, cold-blooded, AC +6
a: Renounce Religion


You were on level 3 of the Dungeon.
You worshipped Vehumet.
Vehumet was noncommittal.
You were not hungry.

You visited 1 branch of the dungeon, and saw 3 of its levels.

You collected 174 gold pieces.

Inventory:

Hand Weapons
 a - a +0 glaive (weapon)
 b - a +0 hunting sling
 d - a +0 trident
Missiles
 c - 79 stones
 e - 14 sling bullets
 k - 19 poisoned darts (quivered)
Armour
 v - a +0 pair of boots (worn)
Wands
 s - a wand of polymorph (7)
Scrolls
 h - 4 scrolls of magic mapping
 j - 3 scrolls of teleportation
 n - a scroll of random uselessness {unknown}
 o - 2 scrolls of identify
 p - a scroll of blinking {unknown}
 t - a scroll of amnesia {unknown}
Potions
 f - a potion of degeneration {unknown}
 g - a potion of curing
 i - a potion of lignification {unknown}
 l - a potion of berserk rage {unknown}
 m - 2 potions of ambrosia {unknown}
 u - 3 potions of flight {unknown}
Comestibles
 q - 4 rations
 r - 3 chunks of flesh


   Skills:
 + Level 3.2 Fighting
 - Level 1.7 Dodging
 - Level 1.7 Stealth
 - Level 2.0 Spellcasting
 + Level 4.4 Conjurations
 + Level 4.3 Fire Magic


You had one spell level left.
You knew the following spells:

 Your Spells              Type           Power        Failure   Level  Hunger
a - Foxfire               Conj/Fire      ###.         3%          1    #......
b - Conjure Flame         Conj/Fire      ###.....     10%         3    ###....
c - Sticky Flame          Conj/Fire      ###.....     32%         4    #####..

Your spell library contained the following spells:

 Spells                   Type           Power        Failure   Level  Hunger
 Magic Dart               Conj           ###.         3%          1    #......
 Searing Ray              Conj           ###...       4%          2    ###....
 Dazzling Flash           Conj/Hex       #.....       24%         3    ###....
 Inner Flame              Hex/Fire       #.......     24%         3    ###....
 Fulminant Prism          Conj/Hex       #.........   61%         4    #####..
 Iskenderun's Mystic Bla  Conj/Tloc      #.......     61%         4    #####..
 Fireball                 Conj/Fire      ###.......   65%         5    ######.


Dungeon Overview and Level Annotations

Branches:
Dungeon (3/15)

Altars:
Vehumet

Annotations:
D:2 Sigmund


Innate Abilities, Weirdness & Mutations

Your plain brown scales are hard. (AC +6)
You cannot fit into any form of body armour.
You are cold-blooded and may be slowed by cold attacks.


Message History

The orc hits you with a +0 mace.
* * * LOW HITPOINT WARNING * * *
Casting: Foxfire (safe; 3% risk of failure)
Confirm with . or Enter, or press ? or * to list all spells.
You conjure some foxfire!
The orc priest hits you but does no damage.
The orc priest hits your foxfire with a +0 hand axe.
The orc barely misses you.
Unknown command.
You feel better.
The foxfire hits the orc priest.
The orc priest is almost dead.
The foxfire hits the orc.
The orc is almost dead.
The orc priest completely misses you.
You closely miss the orc priest.
The orc priest is almost dead.
The orc barely misses you.
The orc priest invokes the aid of Beogh against you.
Beogh smites you!
You die...

#.....#).............#
#.###.#..........###.# ##
##)###.#..#...#.......# .
....v#...###.###..#####.#
...#.#.#..#...#...# ##.
##.#.#.#...._....## ..
#........#...#..# (#
##.#.##..###.###o####.#
..........#...#.@o....#
.#...#.........ยง)####.#
..............).......#
.................... ..
........#.#......... ..#
............#....####..#
.....#..#.#......... ...
#...............### .##
##...########...# ..#


You could see an orc priest and an orc.

Vanquished Creatures
  An orc warrior (D:2)
  A bullfrog zombie (D:3)
  An orc priest (D:2)
  An orc wizard (D:2)
  Terence (D:2)
  3 adders
  A worm (D:3)
  2 dart slugs
  3 leopard geckos
  9 orcs
  6 bats
  3 giant cockroaches (D:1)
  5 goblins
  8 hobgoblins
  4 jackals (D:2)
  6 kobolds
  6 rats
61 creatures vanquished.

Vanquished Creatures (others)
  87 foxfires
87 creatures vanquished.

Grand Total: 148 creatures vanquished

Notes
Turn   | Place    | Note
-------+----------+-------------------------------------------
     0 | D:1      | surprisetrex the Draconian Fire Elementalist began the
                  | quest for the Orb.
     0 | D:1      | Reached XP level 1. HP: 14/14 MP: 3/3
   153 | D:1      | Reached XP level 2. HP: 22/22 MP: 5/5
   360 | D:1      | Reached skill level 1 in Fighting
   795 | D:2      | Reached XP level 3. HP: 28/28 MP: 6/6
   805 | D:2      | Learned a level 3 spell: Conjure Flame
  1243 | D:2      | Reached XP level 4. HP: 36/36 MP: 1/7
  1250 | D:2      | Noticed an orc warrior
  1450 | D:2      | Killed an orc warrior
  1450 | D:2      | Reached XP level 5. HP: 27/42 MP: 1/8
  1873 | D:2      | Noticed Terence
  1959 | D:2      | Killed Terence
  2108 | D:2      | Noticed Sigmund
  2334 | D:2      | Learned a level 4 spell: Sticky Flame
  2644 | D:3      | Reached XP level 6. HP: 51/51 MP: 4/9
  2950 | D:3      | Found a radiant altar of Vehumet.
  2954 | D:3      | Became a worshipper of Vehumet
  2980 | D:3      | Killed from afar by an orc priest

Levels and vault maps discovered:
D:1:      dpeg_arrival_line_fractal, layout_basic
D:2:      layout_loops_corners, uniq_terence, uniq_sigmund
D:3:      layout_loops_cross, vehumet_crystals, serial_glass, glass_columns_a,
          glass_columns_a, trog_wizard

Skill      XL: |  1  2  3  4  5 |
---------------+----------------+-----
Fighting       | 1 2 3 |  3.2
Conjurations   | 2 3 4 |  4.4
Fire Magic     | 4 |  4.3
Dodging        | |  1.7
Stealth        | |  1.7
Spellcasting   | |  2.0

Action                   |  1- 3 |  4- 6 || total
-------------------------+-------+-------++-------
Melee: Short sword       |    29 |    10 ||    39
       Tailslap          |     2 |     4 ||     6
       Glaive            |       |    92 ||    92
Throw: Dart              |     1 |    21 ||    22
       Stone             |       |     5 ||     5
 Cast: Foxfire           |    42 |    25 ||    67
       Conjure Flame     |       |    12 ||    12
  Use: Scroll            |     5 |       ||     5
       Potion            |       |     1 ||     1
 Stab: Sleeping          |     2 |       ||     2
  Eat: Chunk             |     2 |     4 ||     6
       Ration            |       |     1 ||     1
Armor: Skin              |    16 |    18 ||    34
Dodge: Dodged            |    30 |    48 ||    78

Table legend:
 A = Non-vault XP
 B = Vault XP
 C = Vault XP percentage of total XP
 D = Non-vault monster count
 E = Vault monster count
 F = Vault count percentage of total count
                 A         B        C        D         E       F
            +---------+---------+-------+---------+---------+-------
      Total |     417 |      36 |   7.9 |      60 |       1 |   1.6
            +---------+---------+-------+---------+---------+-------
        D:1 |      38 |       0 |   0.0 |      19 |       0 |   0.0
        D:2 |     275 |      36 |  11.6 |      26 |       1 |   3.7
        D:3 |     104 |       0 |   0.0 |      15 |       0 |   0.0
            +---------+---------+-------+---------+---------+-------
